Map: Odyssey LE

Players

SamuraiFunn

  • Race: Protoss Protoss
  • Spawn Location: 11:00

A.I. 1 (Very Hard) - Winner!

  • Race: Zerg Zerg
  • Spawn Location: 5:00

VOD

Have the link to the VOD?

Description

Time

  • Played on: Oct. 29, 2017, 1:26 p.m.
  • Length: 19:32
Show
View Real Time Build Order
Export as new Build Order

SamuraiFunn Protoss 

Build Orders:  

Get SALT Encoding   

  12  0:01  Probe (Chrono Boost)  
  13  0:12  Probe (Chrono Boost)  
  14  0:20  Pylon  
  14  0:24  Probe (Chrono Boost)  
  15  0:38  Probe (Chrono Boost)  
  16  0:46  Gateway  
  16  0:53  Assimilator  
  16  0:56  Probe (Chrono Boost)  
  17  1:06  Probe (Chrono Boost)  
  17  1:10  Gateway  
  18  1:20  Pylon  
  18  1:30  Probe (Chrono Boost)  
  19  1:33  Assimilator  
  19  1:37  Zealot  
  21  1:40  Probe (Chrono Boost)  
  22  1:57  Probe (Chrono Boost)  
  22  2:08  Zealot  
  24  2:17  Forge, Cybernetics Core  
  24  2:26  Pylon  
  24  2:43  Nexus  
  24  2:57  Twilight Council  
  24  2:58  Zealot  
  24  3:00  Zealot  
  24  3:04  Probe (Chrono Boost)  
  29  3:12  Protoss Ground Weapons Level 1  
  29  3:15  Probe (Chrono Boost)  
  30  3:25  Probe (Chrono Boost)  
  31  3:32  Adept  
  31  3:33  Adept  
  35  3:36  Probe (Chrono Boost)  
  36  3:46  Probe (Chrono Boost)  
  36  3:48  Charge  
  37  3:56  Gateway  
  37  4:02  Adept  
  39  4:03  Adept  
  41  4:13  Probe (Chrono Boost)  
  42  4:24  Probe (Chrono Boost)  
  43  4:26  Probe (Chrono Boost)  
  44  4:34  Probe (Chrono Boost)  
  44  4:36  Probe (Chrono Boost)  
  46  4:50  Probe x2 (Chrono Boost)  
  46  4:52  Adept x3  
  54  5:06  Protoss Ground Armor Level 1  
  54  5:23  Pylon  
  54  5:41  Adept  
  54  5:42  Probe x2 (Chrono Boost), Adept x2  
  62  6:04  Robotics Facility  
  62  6:05  Robotics Facility  
  62  6:07  Robotics Facility  
  62  6:24  Pylon  
  62  6:30  Pylon  
  62  6:41  Assimilator  
  62  6:42  Probe x2 (Chrono Boost), Zealot x3  
  62  6:44  Assimilator  
  70  7:02  Immortal x2  
  78  7:14  Pylon  
  78  7:23  Pylon  
  78  7:32  Adept  
  78  7:33  Probe (Chrono Boost), Immortal  
  85  7:38  Gateway  
  85  7:41  Immortal, Adept x2  
  85  7:43  Probe (Chrono Boost)  
  94  8:01  Pylon  
  94  8:04  Pylon  
  94  8:10  Pylon  
  94  8:19  Adept x3  
  100  8:22  Immortal x2  
  108  8:28  Immortal  
  108  8:29  Pylon  
  112  8:35  Pylon  
  112  8:36  Adept  
  114  8:42  Pylon  
  114  9:12  Immortal x2  
  114  9:13  Immortal  
  126  9:28  Adept x3  
  126  9:30  Zealot  
  134  9:36  Pylon  
  134  9:38  Pylon  
  134  9:40  Pylon  
  134  9:42  Pylon  
  134  9:52  Immortal  
  138  10:02  Nexus  
  138  10:33  Immortal x3  
  150  10:36  Adept x2  
  150  10:38  Zealot x2  
  158  10:56  Assimilator  
  158  11:03  Zealot  
  80  11:55  Immortal x3  
  80  11:57  Zealot x4  
  70  12:24  Stalker x3  
  66  12:34  Immortal  
  70  12:45  Stalker  
  70  12:53  Stalker  
  70  12:54  Stalker x2  
  76  13:09  Nexus  
  76  13:15  Immortal x2, Stalker  
  86  13:24  Zealot x2  
  86  13:26  Immortal  
  94  13:45  Probe (Chrono Boost)  
  95  13:55  Probe (Chrono Boost), Zealot x3  
  102  13:56  Stalker  
  102  13:59  Immortal  
  108  14:06  Probe (Chrono Boost)  
  109  14:21  Stalker  
  109  14:22  Stalker x2  
  97  15:40  Immortal x3  
  67  15:56  Stalker x4  
  61  15:58  Resonating Glaives  
  61  15:59  Protoss Ground Weapons Level 2  
  61  16:12  Assimilator  
  61  16:26  Zealot x4  
  69  16:40  Gateway  
  69  16:41  Gateway  
  69  16:42  Gateway  
  69  16:44  Probe (Chrono Boost)  
  70  16:53  Stalker x2  
  76  16:55  Probe (Chrono Boost)  
  76  16:56  Immortal  
  81  17:05  Probe (Chrono Boost), Warp Prism  
  81  17:07  Warp Prism  
  86  17:09  Zealot  
  86  17:14  Stalker  
  88  17:23  Zealot x2  
  92  17:30  Zealot x2  
  92  17:31  Zealot  
  92  17:36  Zealot  
  100  17:44  Zealot  
  100  17:48  Immortal x2  
  100  17:50  Zealot x2, Warp Prism  
  116  17:57  Zealot x2  
  112  17:58  Zealot  
  112  18:03  Zealot  
  106  18:12  Zealot  
  90  18:18  Stalker x2  
  74  18:24  Stalker x2  
  74  18:25  Stalker  
  74  18:26  Immortal  
  84  18:40  Stalker x2  
  88  18:48  Zealot, Stalker  
  92  18:54  Zealot x2  
  92  18:55  Zealot  
Show
View Real Time Build Order
Export as new Build Order

A.I. 1 (Very Hard) Zerg - Winner!

Build Orders: Pool First 

Get SALT Encoding   

  12  0:00  Drone  
  13  0:12  Overlord  
  13  0:17  Drone  
  14  0:30  Drone  
  15  0:39  Spawning Pool  
  15  0:40  Drone  
  15  0:45  Drone  
  15  0:49  Drone  
  17  0:51  Extractor  
  17  0:55  Drone  
  17  1:06  Drone  
  18  1:17  Drone  
  19  1:26  Queen  
  19  1:27  Zergling x2  
  19  1:29  Roach Warren  
  21  1:38  Overlord  
  21  1:49  Drone  
  22  1:59  Overlord  
  22  2:10  Roach  
  24  2:21  Roach  
  26  2:27  Hatchery  
  25  2:32  Drone  
  25  2:34  Roach  
  25  2:35  Roach  
  30  2:40  Roach  
  32  2:46  Roach  
  34  2:54  Overlord  
  34  2:58  Metabolic Boost  
  34  3:05  Zergling x2  
  35  3:07  Zergling x2  
  35  3:09  Zergling x2  
  37  3:13  Zergling x2  
  37  3:17  Zergling x2  
  39  3:28  Zergling x2  
  40  3:36  Zergling x2, Drone, Overlord  
  40  3:37  Extractor  
  41  3:47  Lair  
  41  4:06  Drone  
  41  4:09  Drone  
  43  4:12  Drone  
  43  4:16  Drone  
  45  4:19  Drone  
  45  4:22  Drone  
  47  4:26  Drone  
  47  4:28  Drone  
  49  4:32  Drone  
  49  4:35  Drone  
  49  4:38  Drone  
  52  4:43  Overlord  
  52  4:47  Drone  
  52  4:48  Hydralisk Den  
  52  4:49  Drone  
  52  4:52  Drone  
  54  4:54  Drone  
  54  4:56  Drone  
  54  4:59  Drone  
  57  5:04  Drone  
  58  5:09  Drone  
  58  5:11  Overlord  
  58  5:12  Drone x2  
  61  5:16  Drone  
  61  5:19  Drone  
  63  5:26  Drone  
  64  5:30  Drone  
  64  5:37  Drone, Ravager  
  64  5:39  Extractor  
  64  5:41  Drone, Extractor  
  64  5:42  Hydralisk, Ravager  
  66  5:43  Drone, Infestation Pit, Overlord  
  66  5:49  Drone  
  69  5:51  Hydralisk  
  71  6:00  Roach  
  71  6:02  Overlord  
  73  6:10  Hydralisk  
  75  6:12  Hydralisk  
  75  6:15  Drone, Roach  
  75  6:16  Drone  
  75  6:17  Evolution Chamber  
  80  6:22  Overlord  
  80  6:24  Drone  
  81  6:33  Drone  
  81  6:34  Drone  
  83  6:42  Evolution Chamber, Hatchery  
  83  6:43  Zerg Melee Weapons Level 1, Drone  
  83  6:45  Drone  
  83  6:47  Drone, Roach x2  
  88  6:55  Overlord  
  88  6:56  Drone  
  89  7:06  Drone  
  89  7:07  Drone  
  89  7:08  Zerg Missile Weapons Level 1  
  91  7:16  Infestor  
  91  7:17  Roach  
  91  7:18  Evolution Chamber, Infestor, Overlord  
  91  7:19  Spine Crawler, Roach  
  97  7:28  Drone x2  
  99  7:36  Spine Crawler  
  98  7:38  Queen  
  98  7:39  Roach x2  
  98  7:43  Zerg Ground Armor Level 1  
  104  7:49  Lurker Den  
  104  7:50  Hydralisk, Roach, Overlord, Infestor  
  110  7:55  Drone  
  111  8:00  Drone  
  111  8:01  Drone  
  111  8:05  Drone  
  114  8:06  Overseer  
  114  8:11  Extractor, Overlord  
  114  8:12  Drone  
  114  8:15  Drone, Spore Crawler  
  114  8:16  Spore Crawler  
  113  8:20  Queen  
  113  8:21  Hydralisk x2  
  113  8:22  Drone x2  
  113  8:23  Drone  
  113  8:26  Drone  
  123  8:32  Overlord  
  123  8:34  Drone  
  123  8:37  Drone  
  125  8:43  Drone  
  125  8:44  Overseer  
  125  8:45  Drone  
  125  8:47  Drone  
  128  8:50  Hydralisk, Drone, Infestor  
  128  8:54  Overlord  
  133  8:57  Drone, Hive  
  133  8:58  Drone  
  135  9:04  Drone  
  135  9:07  Drone  
  135  9:09  Drone  
  138  9:13  Extractor  
  138  9:15  Overlord, Lurker  
  138  9:17  Drone x2, Roach  
  138  9:18  Hydralisk Den, Zergling x2  
  138  9:19  Zergling x2, Roach  
  138  9:20  Roach  
  146  9:27  Roach  
  146  9:30  Hydralisk  
  150  9:33  Roach  
  150  9:37  Overlord  
  152  9:40  Drone  
  152  9:41  Roach  
  155  9:48  Roach  
  157  9:53  Hydralisk  
  157  9:54  Spine Crawler  
  157  9:55  Hydralisk  
  157  9:56  Hydralisk x2, Drone, Spore Crawler, Overlord, Pneumatized Carapace  
  157  9:57  Drone  
  165  10:03  Overseer  
  165  10:04  Hydralisk, Spine Crawler  
  166  10:07  Drone, Spine Crawler  
  166  10:08  Viper  
  166  10:13  Viper  
  166  10:14  Overlord, Lurker  
  170  10:15  Hydralisk  
  175  10:25  Zerg Melee Weapons Level 2  
  175  10:32  Overlord  
  175  10:34  Zerg Missile Weapons Level 2  
  175  10:45  Spine Crawler  
  175  10:48  Lair, Drone, Spore Crawler  
  174  10:50  Spore Crawler  
  174  10:51  Overlord  
  174  10:54  Drone, Spore Crawler  
  174  10:55  Drone, Hatchery  
  173  11:17  Zergling x6  
  173  11:18  Zergling x2  
  175  11:19  Zergling x2, Queen  
  175  11:20  Zergling x6  
  175  11:21  Hydralisk  
  175  11:23  Spine Crawler  
  175  11:24  Hydralisk  
  175  11:25  Zergling x2  
  182  11:27  Hydralisk  
  182  11:30  Hydralisk  
  184  11:33  Roach  
  184  11:35  Hydralisk  
  184  11:37  Roach  
  163  11:40  Zergling x2, Roach x2  
  163  11:42  Roach  
  163  11:43  Zergling x2, Roach  
  163  11:44  Zergling x2  
  163  11:45  Hydralisk, Zergling x4  
  155  11:47  Zergling x2, Spire  
  155  11:48  Zergling x2  
  155  11:49  Hydralisk  
  155  11:52  Hydralisk  
  138  11:55  Hydralisk  
  138  11:58  Hydralisk  
  138  12:01  Hydralisk, Zergling x6  
  123  12:04  Hydralisk  
  123  12:07  Hydralisk, Drone x2  
  123  12:08  Drone  
  126  12:09  Drone  
  126  12:11  Drone x2  
  126  12:12  Drone x3  
  122  12:19  Roach  
  122  12:21  Roach  
  119  12:23  Roach  
  119  12:24  Drone  
  119  12:25  Drone  
  119  12:28  Queen  
  125  12:32  Queen  
  125  12:34  Infestor  
  125  12:36  Infestor  
  129  12:38  Roach  
  129  12:40  Roach  
  135  12:48  Zerg Ground Armor Level 2  
  135  12:50  Spine Crawler  
  134  12:52  Drone  
  135  13:01  Zerg Missile Weapons Level 3, Corruptor  
  135  13:02  Greater Spire, Extractor  
  135  13:03  Extractor  
  135  13:05  Drone  
  136  13:07  Corruptor  
  136  13:12  Hatchery  
  137  13:13  Corruptor  
  137  13:14  Zergling x2  
  137  13:19  Corruptor  
  142  13:23  Zergling x2  
  142  13:25  Zergling x2, Drone x2  
  146  13:31  Spine Crawler  
  146  13:32  Zergling x8, Drone  
  150  13:50  Spine Crawler  
  150  13:52  Drone  
  150  13:53  Zergling x2  
  150  13:55  Zergling x2  
  152  14:02  Infestor  
  154  14:15  Corruptor, Brood Lord  
  154  14:16  Corruptor x2, Brood Lord x2  
  164  14:17  Corruptor, Brood Lord  
  164  14:19  Spine Crawler  
  164  14:21  Spine Crawler  
  168  14:24  Drone  
  168  14:25  Queen, Drone  
  168  14:27  Spire  
  168  14:28  Drone  
  172  14:33  Drone  
  172  14:36  Extractor  
  172  14:37  Drone  
  172  14:39  Spore Crawler  
  172  14:40  Drone x3, Tunneling Claws  
  172  14:41  Drone x3  
  172  14:42  Drone x2  
  172  14:45  Hydralisk  
  171  14:48  Hydralisk  
  171  14:51  Hatchery  
  171  14:59  Drone  
  172  15:01  Drone  
  172  15:02  Drone  
  172  15:04  Hydralisk  
  176  15:08  Zerg Melee Weapons Level 3  
  176  15:11  Spore Crawler  
  176  15:12  Brood Lord  
  176  15:15  Drone  
  176  15:16  Drone  
  176  15:18  Drone, Spore Crawler  
  176  15:20  Drone x2  
  176  15:21  Drone  
  175  15:23  Drone x2  
  175  15:25  Drone  
  175  15:26  Drone  
  167  15:29  Drone  
  167  15:30  Drone  
  167  15:32  Drone  
  167  15:34  Drone  
  168  15:36  Drone  
  168  15:38  Drone  
  168  15:39  Drone  
  168  15:41  Zergling x2  
  153  15:43  Zergling x2  
  153  15:44  Hatchery  
  153  15:45  Roach  
  153  15:48  Roach  
  149  15:50  Drone  
  149  15:51  Drone  
  149  15:53  Drone  
  149  15:55  Drone  
  149  15:56  Drone  
  154  15:57  Drone  
  154  15:58  Extractor  
  154  15:59  Drone  
  154  16:01  Corruptor  
  157  16:05  Brood Lord  
  157  16:09  Corruptor  
  161  16:14  Roach  
  161  16:15  Spine Crawler  
  161  16:16  Roach  
  161  16:17  Drone  
  165  16:21  Brood Lord  
  165  16:24  Corruptor  
  169  16:29  Brood Lord  
  169  16:31  Corruptor  
  173  16:38  Zerg Ground Armor Level 3  
  173  16:46  Queen  
  175  16:54  Spore Crawler  
  175  16:57  Queen, Drone  
  177  17:01  Spine Crawler  
  177  17:02  Drone  
  177  17:03  Spine Crawler  
  177  17:04  Drone  
  177  17:12  Spine Crawler  
  177  17:13  Drone  
  177  17:19  Spore Crawler  
  177  17:20  Drone, Corruptor, Brood Lord  
  181  17:28  Hatchery  
  180  17:30  Drone  
  181  17:38  Zergling x2  
  181  17:39  Zergling x2  
  181  17:42  Drone, Spore Crawler  
  183  17:45  Zergling x2  
  183  17:46  Zergling x2  
  183  17:47  Spore Crawler  
  183  17:49  Drone, Pathogen Glands  
  185  17:52  Zergling x6  
  185  17:54  Zergling x2, Infestor x2  
  194  17:58  Brood Lord  
  194  17:59  Extractor  
  194  18:00  Drone, Extractor  
  194  18:01  Drone, Extractor  
  194  18:02  Drone  
  194  18:03  Extractor  
  194  18:05  Drone, Infestor  
  191  18:07  Roach  
  191  18:08  Roach  
  191  18:11  Roach  
  195  18:12  Roach  
  195  18:15  Spore Crawler  
  195  18:17  Drone  
  195  18:18  Spine Crawler  
  195  18:19  Drone  
  193  18:22  Spine Crawler  
  193  18:24  Drone  
  193  18:32  Extractor  
  193  18:34  Drone  
  193  18:37  Infestor  
  193  18:39  Spine Crawler  
  193  18:40  Queen, Drone  
  197  18:42  Spore Crawler  
  197  18:43  Drone  
  197  18:44  Spine Crawler  
  197  18:45  Drone, Infestor  
  197  18:47  Spore Crawler  
  198  18:50  Drone  
  198  18:55  Hatchery  
  198  18:57  Drone  
  199  19:03  Spore Crawler  
  199  19:04  Zergling x2, Drone  
  199  19:05  Zergling x4  
  199  19:06  Zergling x4  
  199  19:07  Zergling x2, Spore Crawler  
  199  19:08  Drone  
  199  19:09  Roach  
  199  19:13  Baneling Nest  
  199  19:14  Drone  
Tags
 
Matchup
PvZ
Opening
Pool First
Replay Pack
First 100 games
Spawn Locations
Cross Positions
Add a new tag
Caveats
  • Supply blocks, unpowered buildings, or Contaminate may cause inaccurate times.
  • Supply counts are checked every 10 seconds.